 Dungeon Crawl Stone Soup version 0.30-a0-1122-g620db56ad9 (console) character file.

Game seed: 1061503027222116819

498 Banquo the Magician (level 7, 0/49 HPs)
             Began as a Djinni Air Elementalist on Apr 22, 2023.
             Killed by their own static electricity (4 damage)
             ... in a bailey.
             The game lasted 00:10:17 (3284 turns).

Banquo the Magician (Djinni Air Elementalist)       Turns: 3284, Time: 00:10:18

Health: 0/49       AC:  3    Str:  7    XL:     7   Next: 39%
Gold:   199        EV: 13    Int: 19    God:
                   SH:  0    Dex: 13

rFire   + + .        b - +0 dagger
rCold   x . .        (no shield)
rNeg    . . .        a - +0 robe
rPois   ∞            q - +0 hat
rElec   .            (no cloak)
rCorr   .            c - +0 pair of gloves
SInv    .            (boots unavailable)
Will    .....        (no amulet)
Stlth   ++           (no ring)
HPRegen 0.28/turn    (no ring)
MPRegen 0.00/turn

%: infuse magic (-1 HP)
@: flying
A: sickness immunity, fire resistance 2, cold vulnerability 1, float, innate
caster, HP casting, extra vitality 1
a: no special abilities


You were in a bailey.
You visited 1 branch of the dungeon, and saw 5 of its levels.
You also visited: Bailey.

You collected 199 gold pieces.

Inventory:

Hand Weapons
 b - a +0 dagger (weapon)
 n - a +0 dagger
 v - a +0 broad axe
Missiles
 h - 4 silver javelins
Armour
 a - a +0 robe (worn)
 c - a +0 pair of gloves (worn)
 k - the +7 ring mail of Dofraett {Str+3}
   (You found it on level 2 of the Dungeon)

   Str:       It affects your strength (+3).
 q - a +0 hat (worn)
Magical Staves
 o - a staff of poison
Scrolls
 d - 3 scrolls of teleportation {unknown}
 i - a scroll of identify {unknown}
 j - a scroll of magic mapping {unknown}
 l - a scroll of brand weapon {unknown}
 m - 2 scrolls of enchant armour {unknown}
 s - a scroll of poison {unknown}
 u - a scroll of fog {unknown}
Potions
 e - 4 potions of might {unknown}
 f - 2 potions of attraction {unknown}
 g - 3 potions of heal wounds {unknown}
 p - a potion of haste {unknown}
 r - a potion of mutation {unknown}
 t - a potion of brilliance {unknown}


   Skills:
 * Level 2.7 Fighting
 * Level 2.2 Armour
 * Level 3.3 Dodging
 - Level 1.5 Stealth
 + Level 4.9 Spellcasting


You knew the following spells:

 Your Spells              Type           Power      Damage    Failure   Level
a - Shock                 Conj/Air       92%        1d8       1%          1
b - Lesser Beckoning      Tloc           46%        N/A       2%          2
c - Sting                 Tmut/Pois      92%        1d7       1%          1
d - Static Discharge      Conj/Air       46%        2-4/arc   2%          2
p - Passwall              Tmut/Erth      19%        N/A       2%          2
z - Airstrike             Air            11%        2d(2-18)  16%         4
L - Swiftness             Air            23%        N/A       4%          3
Your spell library was empty.

Dungeon Overview and Level Annotations

Branches:
Dungeon (7/15)             Bailey (1/1)
 Temple: D:4-7

Altars:

Annotations:
D:4 Ijyb


Innate Abilities, Weirdness & Mutations

You are immune to sickness and miasma.
You are immune to poison.
Your flesh is very heat resistant. (rF++)
You are vulnerable to cold. (rC-)
You float through the air rather than walking.
You learn spells naturally, not from books.
Your magical power is your life essence.
You have superior vitality. (+4 MHP)


Message History

The orc warrior closely misses you.
Unknown command.
Casting: Shock (safe; 1% risk of failure)
Confirm with . or Enter, or press ? or * to list all spells.
Aiming: Shock (safe; 1% risk of failure)
Press: ? - help, Shift-Dir - straight line, f/p - gnoll
Aim: a gnoll, wielding a +0 hand axe and wearing a +0 leather armour (severely wounded, 77% to hit)
The zap hits the orc warrior.
The orc warrior is heavily wounded.
The zap misses the orc.
The zap hits the gnoll!
You kill the gnoll!
The zap misses the hobgoblin.
The orc warrior hits you with a +0 hand axe!
Casting: Shock (safe; 1% risk of failure)
Confirm with . or Enter, or press ? or * to list all spells.
The orc warrior is struck by an arc of lightning.
The orc warrior is severely wounded.
The orc is struck by an arc of lightning.
The orc is moderately wounded.
The orc warrior is struck by an arc of lightning.
The orc warrior is almost dead.
The lightning grounds out.
The orc warrior hits you with a +0 hand axe!
* * * LOW HITPOINT WARNING * * *
Unknown command.
Casting: Static Discharge (safe; 2% risk of failure)
Confirm with . or Enter, or press ? or * to list all spells.
The orc warrior is struck by an arc of lightning.
You kill the orc warrior!
You are struck by an arc of lightning.
* * * LOW HITPOINT WARNING * * *
The orc is struck by an arc of lightning.
The orc is severely wounded.
You are struck by an arc of lightning.
* * * LOW HITPOINT WARNING * * *
The lightning grounds out.
The orc is struck by an arc of lightning.
You kill the orc!
You are struck by an arc of lightning.
You die...

....)....# #.g.......
.........## ##.........
....⌠.....#######..g..⌠....
.........##.....##.......g.
.........#.......#.)g......
#.......##)......##)......#
#.......'.........'.......#
##.....##.......))##.....##
#######.....⌠..@..#######
##.).......## #.).......#
##.......## #..)....#
##.....## ♣♣##'''##♣♣
♣....[....♣ ♣♣....)....♣


You could see a hobgoblin.

Vanquished Creatures
  4 orc warriors (Bailey)
  A kobold brigand (D:7)
  A scorpion (D:3)
  A gnoll (Bailey)
  2 adders (D:2)
  A worm (D:3)
  2 orcs (Bailey)
  3 bats
  3 endoplasms
  2 giant cockroaches
  15 goblins
  9 hobgoblins
  3 quokkas
  3 ball pythons (D:1)
  A frilled lizard (D:1)
  8 kobolds
  3 rats
62 creatures vanquished.

Notes
Turn   | Place    | Note
-------+----------+-------------------------------------------
     0 | D:1      | Banquo the Djinni Air Elementalist began the quest for the
                  | Orb.
     0 | D:1      | Banquo set off with the following spells memorised: Shock,
                  | Static Discharge, Swiftness, Airstrike.
     0 | D:1      | Reached XP level 1. HP: 15/15 MP: 0/0
   354 | D:1      | Reached XP level 2. HP: 14/22 MP: 0/0
   961 | D:2      | Reached skill level 1 in Fighting
   961 | D:2      | Reached skill level 3 in Spellcasting
   961 | D:2      | Reached XP level 3. HP: 23/27 MP: 0/0
   961 | D:2      | Learned a level 1 spell: Sting
  1178 | D:2      | Found a faded altar of an unknown god.
  1691 | D:2      | Identified the +7 ring mail of Dofraett {Str+3}
  1859 | D:3      | Reached XP level 4. HP: 31/32 MP: 0/0
  1991 | D:3      | Noticed a scorpion
  2001 | D:3      | Killed a scorpion
  2002 | D:3      | Reached skill level 1 in Armour
  2002 | D:3      | Reached XP level 5. HP: 21/38 MP: 0/0
  2002 | D:3      | Learned a level 2 spell: Passwall
  2820 | D:4      | Noticed Ijyb
  2820 | D:4      | You are sucked into a shaft and drop 3 floors!
  2838 | D:7      | Noticed a kobold brigand
  2850 | D:7      | Killed a kobold brigand
  2851 | D:7      | Reached skill level 4 in Spellcasting
  2851 | D:7      | Reached XP level 6. HP: 29/43 MP: 0/0
  2910 | D:7      | Found a flagged portal.
  2943 | Bailey   | Entered a bailey
  2960 | Bailey   | Noticed an orc warrior
  2974 | Bailey   | Killed an orc warrior
  3028 | Bailey   | Noticed an orc warrior
  3118 | Bailey   | Killed an orc warrior
  3119 | Bailey   | Reached XP level 7. HP: 42/49 MP: 0/0
  3119 | Bailey   | Learned a level 2 spell: Lesser Beckoning
  3284 | Bailey   | Killed from afar by themself

Illustrated notes

Levels and vault maps discovered:
D:1:      heliophobic_arrival_battle_scene, layout_basic
D:2:      layout_basic, hellmonk_ecumenical_altar_slurped_away
D:3:      layout_loops_ring, pf_just_have_faith, mrwooster_statue_mirror
D:4:      layout_loops_ring, pf_guarded_unrand_delatra, uniq_ijyb, uniq_pikel
D:7:      layout_cave_pools, mainiacjoe_overflow_big_doors,
          lemuel_coloured_pillars_altar, nicolae_hepliaklqana_hippocampus,
          minmay_temple_entry_ruins, enter_bailey_3, serial_shops,
          nicolae_shop_behind_doors, uniq_duvessa, uniq_crazy_yiuf_cottage
Bailey:   bailey_axe_minmay_hex_keep, bailey

Skill      XL: |  1  2  3  4  5  6 |
---------------+-------------------+-----
Fighting       | 1 2 |  2.7
Spellcasting   | 3 4 |  4.9
Armour         | 1 2 |  2.2
Dodging        | 3 |  3.3
Stealth        | |  1.5

Action                     |  1- 3 |  4- 6 |  7- 9 || total
---------------------------+-------+-------+-------++-------
   Cast: Shock             |    56 |    61 |     8 ||   125
         Sting             |       |     2 |       ||     2
         Airstrike         |       |     1 |     3 ||     4
         Static Discharge  |       |       |     1 ||     1
 Armour: Robe              |       |     2 |       ||     2
  Dodge: Dodged            |     1 |    12 |     4 ||    17

Table legend: (Time is in decaauts)
 A = Elapsed time spent in this place.
 B = Non-inter-level travel time spent in this place.
 C = Inter-level travel time spent in this place.
 D = Time resting spent in this place.
 E = Time spent auto-exploring this place.
 F = Levels seen in this place.
 G = Mean time per level.
                   A        B        C        D        E       F      G
               +--------+--------+--------+--------+--------+-----+--------+
         Total |   3284 |   2940 |    344 |    328 |   2119 |   6 |  547.3 |
       Dungeon |   2943 |   2599 |    344 |    134 |   2119 |   5 |  588.6 |
        Bailey |    340 |    340 |      0 |    194 |      0 |   1 |  340.0 |
               +--------+--------+--------+--------+--------+-----+--------+

Top non-repeatable levels by time:
     D:2: 983 daAuts
     D:3: 925 daAuts
     D:1: 861 daAuts
  Bailey: 340 daAuts
     D:7: 122 daAuts
     D:4: 50 daAuts
